 Dungeon Crawl Stone Soup version 0.23.2-40-g277498a001 (webtiles) character file.

Game seed: 9365473341802223101

250842 Exodus22XD the Grim Reaper (level 18, 0/141 HPs)
             Began as a Demonspawn Gladiator on Aug 23, 2019.
             Was the Champion of Yredelemnul.
             Slain by Boris
             ... wielding a cursed -2 scimitar
              (9 damage)
             ... on level 3 of the Vaults on Aug 26, 2019.
             The game lasted 05:59:13 (34068 turns).

Exodus22XD the Grim Reaper (Demonspawn Gladiator)  Turns: 34068, Time: 05:59:15

Health: 0/141      AC: 30    Str: 27    XL:     18   Next: 92%
Magic:  32/32      EV: 21    Int: 17    God:    Yredelemnul [******]
Gold:   1662       SH:  9    Dex: 19    Spells: 17/17 levels left

rFire    + . .     SeeInvis .   v - +9 double sword (slice)
rCold    . . .     Gourm    .   L - +2 buckler
rNeg     + . .     Faith    .   U - +8 fire dragon scales
rPois    .         Spirit   .   R - +1 hat
rElec    .         Reflect  .   B - +1 cloak
rCorr    .         Harm     +   a - +0 pair of gloves
MR       +....                  m - +0 pair of boots
Stlth    ++++++....             b - amulet "Reush" {Harm *Drain rC+ MR- Str+5 Dex+3}
HPRegen  0.33/turn              K - ring of protection from magic
MPRegen  0.23/turn              s - ring of Kaetz {rF- EV+2 Int+8 Slay+5}

@: no status effects
A: horns 2, icy blue scales 2, demonic guardian 2, negative energy resistance 1,
nightstalker 3
}: 2/15 runes: barnacled, gossamer
a: Recall Undead Slaves, Injury Mirror, Animate Dead, Drain Life, Enslave Soul,
Renounce Religion


You were on level 3 of the Vaults.
You worshipped Yredelemnul.
Yredelemnul was exalted by your worship.
You were not hungry.

You visited 8 branches of the dungeon, and saw 37 of its levels.
You also visited: Sewer and Volcano.

You collected 2823 gold pieces.
You spent 1161 gold pieces at shops.

Inventory:

Hand Weapons
 v - a +9 double sword of slicing (weapon)
 y - a +2 rapier of speed
Missiles
 d - 6 throwing nets (quivered)
Armour
 a - a +0 pair of gloves (worn)
 m - a +0 pair of boots (worn)
 B - a +1 cloak (worn)
 C - a scarf of resistance
 L - a +2 buckler (worn)
 R - a +1 hat (worn)
 U - +8 fire dragon scales (worn)
Jewellery
 b - the amulet "Reush" (around neck) {Harm *Drain rC+ MR- Str+5 Dex+3}
   (You found it on level 6 of the Lair of Beasts)

   [amulet of harm]

   It increases damage dealt and taken.
   It affects your strength (+5).
   It affects your dexterity (+3).
   It protects you from cold.
   It affects your resistance to hostile enchantments.
   It causes draining when unequipped.
 k - an uncursed amulet of the acrobat
 s - the ring of Kaetz (right hand) {rF- EV+2 Int+8 Slay+5}
   (You bought it in a shop on level 2 of the Orcish Mines)

   [ring of evasion]

   It affects your evasion (+2).
   It affects your intelligence (+8).
   It affects your accuracy and damage with ranged weapons and melee attacks
   (+5).
   It makes you vulnerable to fire.
 K - a ring of protection from magic (left hand)
 W - an uncursed ring of poison resistance
Wands
 u - a wand of acid (27)
 F - a wand of disintegration (34)
 H - a wand of clouds (6)
 T - a wand of iceblast (25)
Scrolls
 c - a scroll of blinking
 e - 7 scrolls of fear
 n - 13 scrolls of remove curse
 o - 2 scrolls of silence
 r - 9 scrolls of teleportation
 t - a scroll of vulnerability
 z - a scroll of magic mapping
 A - 5 scrolls of fog
 I - 2 scrolls of acquirement {unknown}
 M - a scroll of torment
 O - 6 scrolls of immolation {unknown}
 V - 2 scrolls of summoning {unknown}
 Y - 4 scrolls of enchant armour
Potions
 g - 5 potions of heal wounds
 h - 5 potions of mutation
 i - 7 potions of curing
 j - 8 potions of flight
 p - 2 potions of cancellation
 q - a potion of brilliance
 w - 11 potions of ambrosia
 D - 2 potions of resistance
 J - 3 potions of degeneration {unknown}
 N - 2 potions of might {unknown}
 P - 3 potions of haste {unknown}
 Q - 4 potions of agility {unknown}
 S - 2 potions of berserk rage {unknown}
 X - 2 potions of lignification {unknown}
Comestibles
 f - 48 rations
 l - a chunk of flesh


   Skills:
 - Level 12.4 Fighting
 - Level 16.0 Long Blades
 - Level 1.8 Throwing
 - Level 13.1 Armour
 - Level 11.1 Dodging
 - Level 10.2 Stealth
 * Level 8.2 Shields
 - Level 20.0 Invocations
 - Level 0.4 Evocations


You had 17 spell levels left.
You didn't know any spells.
Your spell library contained the following spells:

 Spells                   Type           Power        Failure   Level  Hunger
 Animate Skeleton         Necr           N/A          43%         1    ##.....
 Apportation              Tloc           #.....       43%         1    ##.....
 Beastly Appendage        Tmut           #.....       43%         1    ##.....
 Confusing Touch          Hex            #.....       43%         1    ##.....
 Corona                   Hex            #......      43%         1    ##.....
 Flame Tongue             Conj/Fire      #....        43%         1    ##.....
 Freeze                   Ice            #...         43%         1    ##.....
 Magic Dart               Conj           #...         43%         1    ##.....
 Pain                     Necr           #...         43%         1    ##.....
 Shock                    Conj/Air       #...         43%         1    ##.....
 Sting                    Conj/Pois      #...         43%         1    ##.....
 Summon Small Mammal      Summ           #...         43%         1    ##.....
 Blink                    Tloc           N/A          58%         2    ###....
 Call Imp                 Summ           #.......     58%         2    ###....
 Corpse Rot               Necr           N/A          58%         2    ###....
 Ensorcelled Hibernation  Hex/Ice        #.....       58%         2    ###....
 Poisonous Vapours        Pois/Air       #.....       58%         2    ###....
 Searing Ray              Conj           #.....       58%         2    ###....
 Slow                     Hex            #.......     58%         2    ###....
 Sticks to Snakes         Tmut           #.......     58%         2    ###....
 Swiftness                Chrm/Air       #.......     58%         2    ###....
 Throw Flame              Conj/Fire      #.....       58%         2    ###....
 Throw Frost              Conj/Ice       #.....       58%         2    ###....
 Confuse                  Hex            #.......     82%         3    ####...
 Conjure Flame            Conj/Fire      #.......     82%         3    ####...
 Dazzling Spray           Conj/Hex       #.....       82%         3    ####...
 Gell's Gravitas          Tloc           #.........   82%         3    ####...
 Inner Flame              Hex/Fire       #.......     82%         3    ####...
 Mephitic Cloud           Conj/Pois/Air  #.......     82%         3    ####...
 Ozocubu's Armour         Chrm/Ice       #.......     82%         3    ####...
 Portal Projectile        Hex/Tloc       #.....       82%         3    ####...
 Regeneration             Chrm/Necr      #.........   82%         3    ####...
 Spider Form              Tmut/Pois      #.........   82%         3    ####...
 Static Discharge         Conj/Air       #.......     82%         3    ####...
 Stone Arrow              Conj/Erth      #.....       82%         3    ####...
 Tukima's Dance           Hex            #.......     82%         3    ####...
 Vampiric Draining        Necr           #.........   82%         3    ####...
 Airstrike                Air            #.........   99%         4    #####..
 Animate Dead             Necr           N/A          99%         4    #####..
 Cause Fear               Hex            #.........   99%         4    #####..
 Force Lance              Conj/Tloc      #.......     99%         4    #####..
 Fulminant Prism          Conj/Hex       #.........   99%         4    #####..
 Ice Form                 Ice/Tmut       #.......     99%         4    #####..
 Iskenderun's Mystic Bla  Conj           #.......     99%         4    #####..
 Leda's Liquefaction      Hex/Erth       #.........   99%         4    #####..
 Olgreb's Toxic Radiance  Pois           #.......     99%         4    #####..
 Sticky Flame             Conj/Fire      #.......     99%         4    #####..
 Summon Ice Beast         Ice/Summ       #.......     99%         4    #####..
 Throw Icicle             Conj/Ice       #.......     99%         4    #####..
 Blade Hands              Tmut           #.........   100%        5    ######.
 Fireball                 Conj/Fire      #.........   100%        5    ######.
 Irradiate                Conj/Tmut      #.........   100%        5    ######.
 Lightning Bolt           Conj/Air       #.........   100%        5    ######.
 Silence                  Hex/Air        #.........   100%        5    ######.
 Summon Forest            Summ/Tloc      #.........   100%        5    ######.
 Venom Bolt               Conj/Pois      #.........   100%        5    ######.
 Yara's Violent Unravell  Hex/Tmut       #.........   100%        5    ######.
 Deflect Missiles         Chrm/Air       #.........   100%        6    #######
 Dispersal                Tloc           #.........   100%        6    #######
 Hydra Form               Tmut           #.........   100%        6    #######
 Statue Form              Tmut/Erth      #........    100%        6    #######
 Dragon Form              Tmut           #.........   100%        7    #######
 Summon Hydra             Summ           #.........   100%        7    #######
 Controlled Blink         Tloc           N/A          100%        8    #######
 Discord                  Hex            #.........   100%        8    #######
 Disjunction              Tloc           #.........   100%        8    #######
 Tornado                  Air            #.........   100%        9    #######


Dungeon Overview and Level Annotations

Branches:
Dungeon (14/15)            Temple (1/1) D:6            Lair (6/6) D:11
 Shoals (4/4) Lair:2       Spider (4/4) Lair:2        Slime (0/5) Lair:5
    Orc (2/2) D:12            Elf (3/3) Orc:2        Vaults (3/5) D:14
  Crypt: Vaults:2-3

Altars:
Ashenzari
Cheibriados
Dithmenos
Elyvilon
Fedhas
Gozag
Hepliaklqana
Kikubaaqudgha
Makhleb
Nemelex Xobeh
Okawaru
Qazlal
Ru
Sif Muna
Trog
Uskayaw
Vehumet
Wu Jian
Xom
Yredelemnul
Zin
The Shining One
Jiyva

Shops:
D:6 [   Orc:2 ([=!   Elf:3 *   Shoals:3 (

Annotations:
D:14 2 runed translucent doors
Spider:2 3 runed translucent doors, Andrea's ghost, journeyman SpEn
Vaults:3 Boris


Innate Abilities, Weirdness & Mutations

You have a pair of horns on your head.
You are mostly covered in icy blue scales. (AC +3)
A demonic guardian rushes to your aid.
You resist negative energy. (rN+)
You are completely attuned to the shadows.


Message History

You slice something!! Your headbutt misses something.
Your vampire hits something.
Your vampire bites something but does no damage.
Something hits you.
Something touches you but does no damage.
You swap places.
Your vampire hits something!
Your vampire barely misses something.
You hear some strange, mumbled words.
A bolt of cold appears from out of thin air!
The bolt of cold hits you!!!
Ouch! That really hurt!
* * * LOW HITPOINT WARNING * * *
There is a stone staircase leading up, spattered with blood here.
As you read the scroll of fear, it crumbles to dust.
You assume a fearsome visage.
Your vampire is unaffected.
Your vampire hits something!
Your vampire closely misses something.
Something hits you but does no damage. Something touches you!
You die...
Your body rises from the dead as a mindless zombie.

####
#<@#
#{V#
#..#
+..#
####


You could see a friendly vampire (invisible).

Vanquished Creatures
  Bai Suzhen (Spider:3)
  2 deep elf sorcerers
  An orc warlord (Orc:2)
  2 ghost moths (Spider:4)
  2 vault wardens (Vaults:1)
  3 emperor scorpions
  4 entropy weavers
  A deep elf demonologist (Elf:3)
  A stone giant (Vaults:2)
  A spark wasp (Spider:4)
  A dire elephant (Lair:6)
  2 merfolk javelineers (Shoals:4)
  3 ogre magi
  A yaktaur captain (Vaults:1)
  3 merfolk impalers
  The ghost of tamionv the Impaler, a journeyman MfBe of Trog (Lair:6)
  4 hydras
  A catoblepas (D:14)
  An anaconda (Lair:6)
  2 centaur warriors (D:14)
  A merfolk aquamancer (Shoals:1)
  2 merfolk avatars
  27 dancing weapons
  A satyr (Shoals:4)
  17 two-headed ogres
  3 death yaks (Lair:6)
  A queen ant (Spider:2)
  7 deep elf knights
  A skeletal warrior (D:14)
  A sea snake (Shoals:3)
  5 wizards
  9 deep elf archers
  20 harpies
  A lindwurm (Lair:3)
  An orc knight (D:13)
  44 deep elf magi
  3 ironbrand convokers
  5 cyclopes
  A necromancer (Vaults:2)
  14 wolf spiders
  4 fauns
  4 orb spiders
  10 manticores
  14 ugly things
  7 elephants (Lair:6)
  4 moths of wrath
  A fire giant skeleton (Vaults:2)
  2 toenail golems (Volcano)
  8 black mambas
  3 merfolk sirens
  A centaur zombie (D:12)
  A torpor snail (shapeshifter) (Elf:2)
  3 torpor snails
  2 water nymphs
  2 vault sentinels
  8 spiny frogs
  2 rime drakes
  2 komodo dragons
  A komodo dragon (shapeshifter) (Vaults:1)
  A yaktaur (Vaults:1)
  10 demonic crawlers
  A human skeleton (Vaults:2)
  2 trolls
  A polar bear (Lair:6)
  5 merfolk
  3 wind drakes (Shoals:3)
  A meliai (D:14)
  13 jumping spiders
  4 hornets
  12 blink frogs
  3 slime creatures
  A snapping turtle (Shoals:1)
  5 dream sheep
  4 hippogriffs
  Sigmund (D:4)
  2 air elementals
  32 redbacks
  6 water elementals
  2 wraiths
  44 yaks
  2 fire elementals
  A human (D:8)
  12 tarantellas
  5 basilisks
  3 hogs (D:8)
  2 vampire mosquitoes
  3 hungry ghosts
  A human simulacrum (Vaults:1)
  A swamp worm (shapeshifter) (D:14)
  4 wargs
  Menkaure (D:7)
  An insubstantial wisp (Lair:6)
  3 soldier ants (Spider:2)
  3 acid dragons
  13 water moccasins
  6 porcupines
  A swamp drake (Lair:6)
  2 ice beasts
  A black bear (D:12)
  3 phantoms
  20 orc warriors
  A sky beast (D:13)
  A necrophage (D:12)
  22 ogres
  A human zombie (Vaults:2)
  11 centaurs
  11 wolves
  16 crocodiles
  4 big kobolds
  11 bullfrogs
  A wyvern zombie (D:14)
  An earth elemental (Elf:2)
  3 wyvern skeletons
  3 scorpions
  A water moccasin skeleton (D:10)
  22 killer bees
  7 wights (D:10)
  7 electric eels
  2 vampire bats (D:6)
  A howler monkey (D:12)
  2 crimson imps
  A jelly (D:8)
  3 quasits
  11 orc priests
  A gnoll shaman (D:6)
  5 hounds
  20 orc wizards
  2 bullfrog skeletons
  4 centaur skeletons
  4 iguanas
  30 worker ants
  A killer bee zombie (D:8)
  A hound skeleton (D:7)
  12 gnolls
  19 adders
  2 river rats (Sewer)
  4 shadow imps
  3 oozes
  An adder skeleton (D:9)
  A worm (D:2)
  5 dart slugs
  4 leopard geckos
  69 orcs
  A ball python (D:6)
  9 bats
  3 bat skeletons (D:6)
  3 bat zombies (D:6)
  10 giant cockroaches
  6 goblins
  8 hobgoblins
  6 jackals
  7 quokkas
  8 frilled lizards
  A giant cockroach zombie (D:6)
  A jackal zombie (D:8)
  28 kobolds
  A leopard gecko skeleton (D:4)
  A leopard gecko zombie (D:9)
  3 quokka skeletons
  10 rats
  A butterfly (Lair:2)
  2 plants (Lair:6)
961 creatures vanquished.

Vanquished Creatures (collateral kills)
  Saint Roka (Orc:2)
  Xtahua (Vaults:2)
  Ilsuiw (Shoals:2)
  A fire giant (D:14)
  An orc warlord (Orc:1)
  3 ghost moths (Spider:4)
  6 emperor scorpions
  An ironheart preserver (Vaults:1)
  2 entropy weavers (Spider:4)
  A spark wasp (Spider:2)
  5 dire elephants (Lair:6)
  A merfolk javelineer (Shoals:2)
  2 merfolk impalers
  2 yaktaur captains (Vaults:2)
  6 hydras
  6 ogre magi
  A catoblepas (D:14)
  A merfolk avatar (Shoals:2)
  16 two-headed ogres
  2 centaur warriors
  2 merfolk aquamancers
  9 dancing weapons
  2 satyrs
  5 deep elf knights
  A fire crab (shapeshifter) (Vaults:1)
  2 unseen horrors
  14 harpies
  2 wizards
  An ironbrand convoker (Vaults:1)
  12 deep elf magi
  3 orc knights
  7 ugly things
  10 wolf spiders
  A necromancer (Vaults:1)
  4 oklob plants (Lair:4)
  9 orb spiders
  6 fauns
  2 cyclopes (Vaults:2)
  3 manticores (Shoals:2)
  A human zombie (Vaults:1)
  2 moths of wrath
  7 elephants (Lair:6)
  2 merfolk sirens
  3 toenail golems (Volcano)
  A human skeleton (Vaults:2)
  3 vault sentinels (Vaults:1)
  2 water nymphs
  4 spiny frogs
  A komodo dragon (Lair:2)
  A demonic crawler (Spider:1)
  4 yaktaurs
  17 merfolk
  5 trolls
  12 jumping spiders
  4 wind drakes
  3 hippogriffs
  A tengu simulacrum (Vaults:1)
  2 snapping turtles
  4 blink frogs
  8 slime creatures
  A fire giant simulacrum (Vaults:1)
  29 redbacks
  A wyvern (D:11)
  11 water elementals
  14 tarantellas
  A wraith (D:14)
  An air elemental (Elf:1)
  4 yaks
  3 basilisks
  A vampire (D:14)
  A vampire mosquito (D:14)
  A soldier ant (Spider:2)
  2 wargs
  2 water moccasins (Lair:6)
  A porcupine (Lair:4)
  13 orc warriors
  An elf zombie (Vaults:1)
  An eye of draining (D:11)
  7 wolves
  15 ogres
  A boggart (Elf:1)
  2 centaurs (D:13)
  2 crocodiles
  2 bullfrogs
  A human simulacrum (Vaults:2)
  2 electric eels
  8 orc priests
  10 orc wizards
  A bullfrog skeleton (D:11)
  A jelly (D:10)
  6 worker ants
  An adder (D:10)
  20 orcs
  3 fungi
  11 plants
423 creatures vanquished.

Vanquished Creatures (others)
  2 bone dragons (Vaults:2)
  A ghoul (Shoals:2)
  3 vampire knights
  A merfolk impaler (Shoals:4)
  A deep elf knight (Elf:3)
  2 skeletal warriors (Vaults:2)
  A spark wasp zombie (Spider:2)
  A ghost moth zombie (Spider:4)
  5 flayed ghosts
  6 phantasmal warriors
  7 wolf spider zombies
  A harpy (Shoals:4)
  16 redback zombies
  2 death yak zombies (Lair:6)
  7 harpy zombies
  5 demonic crawler zombies
  7 jumping spider zombies
  An ugly thing zombie (D:11)
  2 tarantella zombies
  A dream sheep (Shoals:4)
  2 black mamba zombies
  7 flying skulls (Lair:6)
  3 vampires
  2 wind drake zombies
  4 wraiths
  2 merfolk zombies (Shoals:2)
  3 orb spider zombies
  An elephant zombie (Lair:6)
  A hornet zombie (Spider:4)
  3 blink frog zombies (Lair:1)
  A manticore zombie (Shoals:1)
  2 blink frog skeletons
  6 yak zombies
  A wight (D:11)
  4 wolf zombies
  2 centaur zombies
  A basilisk zombie (Lair:6)
  A porcupine zombie (D:11)
  2 killer bee zombies (D:11)
  2 crocodile zombies
  2 mummies
  A worker ant zombie (Spider:2)
  An orc skeleton (D:11)
  3 kobold zombies (D:11)
  3 orc zombies (D:11)
  A bush (Lair:3)
  4 fungi
  21 plants
158 creatures vanquished.

Grand Total: 1542 creatures vanquished

Notes
Turn   | Place    | Note
-------+----------+-------------------------------------------
     0 | D:1      | Exodus22XD the Demonspawn Gladiator began the quest for the
                  | Orb.
     0 | D:1      | Reached XP level 1. HP: 16/16 MP: 1/1
    92 | D:1      | Gained mutation: You are partially covered in icy blue
                  | scales. (AC +2) [demonic ancestry]
    92 | D:1      | Reached XP level 2. HP: 22/22 MP: 2/2
   567 | D:2      | HP: 1/22 [gnoll/+0 whip (3)]
   574 | D:1      | Gained mutation: You are slightly more attuned to the
                  | shadows. [demonic ancestry]
   574 | D:1      | Reached XP level 3. HP: 14/27 MP: 3/3
  1118 | D:2      | Reached skill level 1 in Armour
  1143 | D:2      | Gained mutation: You have a pair of small horns on your
                  | head. [demonic ancestry]
  1143 | D:2      | Reached XP level 4. HP: 33/33 MP: 4/4
  1315 | D:2      | Found a shadowy altar of Dithmenos.
  1316 | D:2      | Found a shimmering altar of Xom.
  1316 | D:2      | Found a sparkling altar of Nemelex Xobeh.
  1320 | D:2      | Found a stormy altar of Qazlal.
  1320 | D:2      | Found a burning altar of Makhleb.
  1320 | D:2      | Found a snail-covered altar of Cheibriados.
  1586 | D:3      | Reached XP level 5. HP: 39/39 MP: 5/5
  2631 | D:4      | Noticed Sigmund
  2633 | D:4      | Found a sparkling altar of Nemelex Xobeh.
  2645 | D:4      | Killed Sigmund
  2645 | D:4      | Reached XP level 6. HP: 33/46 MP: 6/6
  2727 | D:4      | Reached skill level 5 in Long Blades
  2990 | D:4      | Found a deep blue altar of Sif Muna.
  3258 | D:4      | Reached XP level 7. HP: 39/52 MP: 7/7
  3508 | D:4      | Found an iron altar of Okawaru.
  3520 | D:4      | Got a bloodstained falchion
  3521 | D:4      | Identified the +11 falchion of the Ghost {freeze, Int+2}
                  | (You found it on level 4 of the Dungeon)
  3734 | D:5      | Entered Level 5 of the Dungeon
  3758 | D:5      | You fall through a shaft!
  3811 | D:6      | Found Ydaexzea's Armour Shop.
  4037 | D:6      | Found a staircase to the Ecumenical Temple.
  4045 | Temple   | Entered the Ecumenical Temple
  4059 | Temple   | Became a worshipper of Yredelemnul the Dark
  4153 | D:6      | Found a glowing drain.
  4165 | Sewer    | Entered a sewer
  4242 | Sewer    | Gained mutation: You are significantly more attuned to the
                  | shadows. [demonic ancestry]
  4242 | Sewer    | Reached XP level 8. HP: 58/58 MP: 8/8
  4275 | Sewer    | Found a white marble altar of Elyvilon.
  4338 | D:6      | Reached * piety under Yredelemnul
  4431 | D:6      | Found an ancient bone altar of Kikubaaqudgha.
  4436 | D:6      | Reached skill level 1 in Invocations
  4761 | D:7      | Reached skill level 2 in Invocations
  5071 | D:7      | Found a stormy altar of Qazlal.
  5099 | D:7      | Noticed Menkaure
  5110 | D:7      | Killed Menkaure
  5110 | D:7      | Reached skill level 3 in Invocations
  5240 | D:7      | Reached ** piety under Yredelemnul
  5574 | D:8      | Reached XP level 9. HP: 64/64 MP: 11/11
  5577 | D:8      | Reached skill level 4 in Invocations
  5589 | D:8      | Reached skill level 5 in Armour
  5927 | D:8      | Found an ornate altar of the Wu Jian Council.
  6050 | D:8      | Reached skill level 5 in Invocations
  6489 | D:9      | Found a white marble altar of Elyvilon.
  6504 | D:9      | Reached *** piety under Yredelemnul
  6508 | D:9      | Reached skill level 6 in Invocations
  6542 | D:9      | Gained mutation: You are completely attuned to the shadows.
                  | [demonic ancestry]
  6542 | D:9      | Reached XP level 10. HP: 70/70 MP: 14/14
  6710 | D:9      | Reached skill level 10 in Long Blades
  6978 | D:9      | Noticed a manticore
  6988 | D:9      | Killed a manticore
  6988 | D:9      | Reached skill level 1 in Stealth
  7316 | D:10     | Entered Level 10 of the Dungeon
  7357 | D:10     | Reached skill level 7 in Invocations
  7376 | D:10     | Noticed a two-headed ogre
  7384 | D:10     | Killed a two-headed ogre
  7556 | D:10     | Reached skill level 8 in Invocations
  7866 | D:10     | Reached **** piety under Yredelemnul
  7984 | D:10     | Reached XP level 11. HP: 66/75 MP: 17/17
  8027 | D:11     | Received a gift from Yredelemnul (a wight)
  8158 | D:11     | Reached skill level 1 in Shields
  8167 | D:11     | Reached skill level 5 in Dodging
  8200 | D:11     | Noticed a green ugly thing
  8227 | D:10     | Killed a green ugly thing
  8227 | D:10     | Reached skill level 5 in Stealth
  8474 | D:11     | Noticed a white ugly thing
  8497 | D:11     | Killed a white ugly thing
  8949 | D:11     | Reached skill level 9 in Invocations
  9462 | D:11     | Found a staircase to the Lair.
  9494 | D:11     | Reached ***** piety under Yredelemnul
  9770 | Lair:1   | Entered Level 1 of the Lair of Beasts
  9941 | Lair:1   | Gained mutation: A weak demonic guardian rushes to your
                  | aid. [demonic ancestry]
  9941 | Lair:1   | Reached XP level 12. HP: 74/85 MP: 16/19
 10157 | Lair:1   | Received a gift from Yredelemnul (a mummy)
 10300 | Lair:1   | Noticed a five-headed hydra
 10326 | Lair:1   | Killed a ten-headed hydra
 10367 | Lair:1   | Reached skill level 5 in Fighting
 10651 | Lair:2   | Noticed an eight-headed hydra
 10656 | Lair:2   | Reached skill level 10 in Invocations
 10977 | Lair:2   | Found a hole to the Spider Nest.
 11270 | Lair:2   | Noticed a five-headed hydra
 11281 | Lair:2   | Killed a five-headed hydra
 11327 | Lair:2   | Found a staircase to the Shoals.
 11839 | Lair:3   | Received a gift from Yredelemnul (a mummy)
 12148 | Lair:3   | Found a dark tunnel.
 12158 | Volcano  | Entered a volcano
 12181 | Volcano  | Received a gift from Yredelemnul (a wraith)
 12196 | Volcano  | Reached skill level 5 in Shields
 12300 | Volcano  | Reached skill level 11 in Invocations
 12486 | Lair:3   | You fall through a shaft for 3 floors!
 12486 | Lair:6   | Entered Level 6 of the Lair of Beasts
 12523 | Lair:6   | Reached XP level 13. HP: 87/93 MP: 21/21
 12558 | Lair:6   | Found a transporter.
 12566 | Lair:6   | Noticed tamionv's ghost (journeyman MfBe)
 12611 | Lair:6   | Found a transporter.
 12647 | Lair:6   | Received a gift from Yredelemnul (a wraith)
 12757 | Lair:6   | Reached skill level 10 in Armour
 12847 | Lair:6   | Received a gift from Yredelemnul (a wraith)
 13428 | Lair:6   | Reached skill level 12 in Invocations
 13428 | Lair:6   | Received a gift from Yredelemnul (2 flying skulls)
 13429 | Lair:6   | Noticed a dire elephant
 13429 | Lair:6   | Noticed a dire elephant
 13437 | Lair:6   | Killed a dire elephant
 13443 | Lair:6   | Killed a dire elephant
 13479 | Lair:6   | Noticed a dire elephant
 13490 | Lair:6   | Killed a dire elephant
 13508 | Lair:6   | Noticed a dire elephant
 13554 | Lair:6   | Killed a dire elephant
 13809 | Lair:6   | Reached skill level 13 in Invocations
 13821 | Lair:6   | Received a gift from Yredelemnul (5 flying skulls)
 13862 | Lair:6   | Noticed a dire elephant
 13888 | Lair:6   | Killed a dire elephant
 13902 | Lair:6   | Noticed a dire elephant
 13925 | Lair:6   | Killed a dire elephant
 14366 | Lair:5   | Reached skill level 14 in Invocations
 14443 | Lair:5   | Found a radiant altar of Vehumet.
 14448 | Lair:5   | Found a viscous altar of Jiyva.
 14449 | Lair:5   | Found a staircase to the Slime Pits.
 15253 | Lair:5   | Received a gift from Yredelemnul (a wraith)
 15479 | Lair:4   | Gained mutation: You have a pair of horns on your head.
                  | [demonic ancestry]
 15479 | Lair:4   | Reached XP level 14. HP: 76/101 MP: 25/25
 15725 | Lair:4   | Reached skill level 15 in Invocations
 16433 | Lair:3   | Received a gift from Yredelemnul (a vampire)
 16985 | Spider:1 | Entered Level 1 of the Spider Nest
 17538 | Spider:1 | Reached ****** piety under Yredelemnul
 17557 | Spider:1 | Noticed an emperor scorpion
 17572 | Spider:1 | Killed an emperor scorpion
 17821 | Spider:1 | Received a gift from Yredelemnul (a flayed ghost)
 18117 | Spider:2 | Received a gift from Yredelemnul (a phantasmal warrior)
 18247 | Spider:2 | Noticed an emperor scorpion
 18287 | Spider:2 | Killed an emperor scorpion
 18320 | Spider:2 | Received a gift from Yredelemnul (a flayed ghost)
 18783 | Spider:2 | Found a runed translucent gate.
 18784 | Spider:2 | Found a runed translucent gate.
 18785 | Spider:2 | Found a runed translucent gate.
 18786 | Spider:2 | Noticed an entropy weaver
 18790 | Spider:2 | Noticed Andrea's ghost (journeyman SpEn)
 18791 | Spider:2 | Noticed an entropy weaver
 18846 | Spider:2 | Noticed an entropy weaver
 18851 | Spider:2 | Noticed an entropy weaver
 19288 | Spider:2 | Killed an entropy weaver
 19480 | Spider:2 | Killed an entropy weaver
 19510 | Spider:3 | Noticed an emperor scorpion
 19534 | Spider:3 | Killed an emperor scorpion
 20024 | Spider:3 | Noticed an entropy weaver
 20024 | Spider:3 | Noticed Bai Suzhen
 20031 | Spider:3 | Killed an entropy weaver
 20031 | Spider:3 | Received a gift from Yredelemnul (a vampire knight)
 20042 | Spider:3 | Killed Bai Suzhen
 20042 | Spider:3 | Gained mutation: You are mostly covered in icy blue scales.
                  | (AC +3) [demonic ancestry]
 20042 | Spider:3 | Reached XP level 15. HP: 57/112 MP: 26/26
 20513 | Spider:4 | Entered Level 4 of the Spider Nest
 20517 | Spider:4 | Reached skill level 16 in Invocations
 20684 | Spider:4 | Received a gift from Yredelemnul (a phantasmal warrior)
 21011 | Spider:4 | Reached skill level 17 in Invocations
 21080 | Spider:4 | Killed a ghost moth
 21370 | Spider:4 | Killed a ghost moth
 21448 | Spider:4 | Received a gift from Yredelemnul (a vampire knight)
 21455 | Spider:4 | Killed a ghost moth
 21455 | Spider:4 | Reached skill level 18 in Invocations
 21499 | Spider:4 | Killed a ghost moth
 21517 | Spider:4 | Received a gift from Yredelemnul (a ghoul)
 21534 | Spider:4 | Killed a ghost moth
 21646 | Spider:4 | Got a gossamer rune of Zot
 22348 | Shoals:1 | Entered Level 1 of the Shoals
 22416 | Shoals:1 | Received a gift from Yredelemnul (a ghoul)
 22546 | Shoals:1 | Received a gift from Yredelemnul (a flayed ghost)
 22581 | Shoals:1 | Gained mutation: You resist negative energy. (rN+) [demonic
                  | ancestry]
 22581 | Shoals:1 | Reached XP level 16. HP: 80/120 MP: 29/29
 22791 | Shoals:1 | Reached skill level 10 in Fighting
 23103 | Shoals:2 | Received a gift from Yredelemnul (a phantasmal warrior)
 23147 | Shoals:2 | Noticed Ilsuiw
 23175 | Shoals:2 | Killed Ilsuiw
 23626 | Shoals:3 | Received a gift from Yredelemnul (a vampire)
 23756 | Shoals:3 | Found Culucs's Antique Weapon Boutique.
 24057 | Shoals:3 | Received a gift from Yredelemnul (a flayed ghost)
 24105 | Shoals:4 | Entered Level 4 of the Shoals
 24197 | Shoals:4 | Got a barnacled rune of Zot
 24572 | Lair:6   | Killed tamionv's ghost
 24609 | Lair:6   | Got a fine graven amulet
 24626 | Lair:6   | Identified the amulet "Reush" {Harm *Drain rC+ MR- Str+5
                  | Dex+3} (You found it on level 6 of the Lair of Beasts)
 25236 | D:11     | Reached skill level 15 in Long Blades
 25525 | D:12     | Received a gift from Yredelemnul (a skeletal warrior)
 25639 | D:12     | Found a staircase to the Orcish Mines.
 25668 | D:12     | Received a gift from Yredelemnul (a bone dragon)
 25725 | D:12     | Found a hazy altar of Hepliaklqana.
 26682 | D:14     | Got a scorched chain mail
 26693 | D:14     | Identified the +4 chain mail of Disguise {-Cast rC+ MR+}
                  | (You found it on level 14 of the Dungeon)
 26958 | D:14     | Found a runed translucent door.
 26961 | D:14     | Found a runed translucent door.
 27077 | D:14     | Found a gate to the Vaults.
 27374 | D:14     | Gained mutation: A demonic guardian rushes to your aid.
                  | [demonic ancestry]
 27374 | D:14     | Reached XP level 17. HP: 123/129 MP: 30/30
 27376 | D:14     | Found a runed translucent door.
 27500 | D:14     | Received a gift from Yredelemnul (a vampire knight)
 27631 | D:14     | Found a runed translucent door.
 27671 | D:14     | Received a gift from Yredelemnul (a ghoul)
 27694 | D:14     | Got a warped tin ring
 27697 | D:14     | Identified the Compendium of Entrancing Feathers
 27710 | D:14     | Identified the ring of Riluh {Ice MR- MP+9 Int+9} (You
                  | found it on level 14 of the Dungeon)
 27929 | Orc:1    | Entered Level 1 of the Orcish Mines
 27961 | Orc:1    | Received a gift from Yredelemnul (a skeletal warrior)
 28130 | Orc:2    | Entered Level 2 of the Orcish Mines
 28322 | Orc:2    | Noticed Saint Roka
 28333 | Orc:2    | Killed Saint Roka
 28333 | Orc:2    | Reached skill level 10 in Stealth
 28342 | Orc:2    | Received a gift from Yredelemnul (a phantasmal warrior)
 28513 | Orc:2    | Found a staircase to the Elven Halls.
 28561 | Orc:2    | Received a gift from Yredelemnul (a bone dragon)
 28564 | Orc:2    | Reached skill level 19 in Invocations
 28585 | Orc:2    | Found Jetsel's Jewellery Shop.
 28585 | Orc:2    | Found Ijuthropp's Antique Weapon Emporium.
 28587 | Orc:2    | Found Xuan's Distillery.
 28587 | Orc:2    | Found Quaq's Antique Armour Shop.
 28610 | Orc:2    | Bought the ring of Kaetz {rF- EV+2 Int+8 Slay+5} for 621
                  | gold pieces
 28810 | Orc:2    | Bought a glowing double sword for 540 gold pieces
 28847 | Elf:1    | Entered Level 1 of the Elven Halls
 29131 | Elf:1    | Received a gift from Yredelemnul (a vampire)
 29291 | Elf:1    | Reached skill level 20 in Invocations
 29613 | Elf:1    | Received a gift from Yredelemnul (a ghoul)
 29647 | Elf:1    | You fall through a shaft!
 29841 | Elf:2    | Reached skill level 10 in Dodging
 29853 | Elf:2    | Found a huge runed translucent gate.
 29853 | Elf:2    | Found a huge runed translucent gate.
 29853 | Elf:2    | Found a huge runed translucent gate.
 29853 | Elf:2    | Found a huge runed translucent gate.
 29854 | Elf:2    | Found a huge runed translucent gate.
 30789 | Elf:2    | Received a gift from Yredelemnul (a bone dragon)
 30822 | Elf:2    | Reached XP level 18. HP: 103/138 MP: 32/32
 31204 | Elf:2    | Received a gift from Yredelemnul (a phantasmal warrior)
 31508 | Elf:3    | Entered Level 3 of the Elven Halls
 31564 | Elf:3    | Found Clyfota's Commerce Corner.
 31812 | Elf:3    | Received a gift from Yredelemnul (a skeletal warrior)
 32334 | Vaults:1 | Entered Level 1 of the Vaults
 32417 | Vaults:1 | Received a gift from Yredelemnul (a vampire)
 32687 | Vaults:1 | Received a gift from Yredelemnul (a phantasmal warrior)
 32749 | Vaults:1 | Received a gift from Yredelemnul (a phantasmal warrior)
 33699 | Vaults:2 | Noticed Xtahua
 33721 | Vaults:2 | Killed Xtahua
 33761 | Vaults:2 | Received a gift from Yredelemnul (a flayed ghost)
 34051 | Vaults:2 | Noticed Boris
 34068 | Vaults:3 | Slain by Boris

Skill      XL: |  1  2  3  4  5  6  7  8  9 10 11 12 13 14 15 16 17 18 |
---------------+-------------------------------------------------------+-----
Dodging        | 3 4 5 6 8 9 10 11 | 11.1
Long Blades    | 3 4 5 6 8 9 10 11 12 13 15 16 | 16.0
Armour         | 1 2 3 4 6 8 9 10 11 12 13 | 13.1
Fighting       | 3 4 5 6 8 9 10 11 12 | 12.4
Invocations    | 3 6 8 9 11 14 15 18 20 | 20.0
Stealth        | 4 5 6 7 8 10 | 10.2
Shields        | 3 5 6 8 |  8.2
Throwing       | |  1.8
Evocations     | |  0.4

Action                   |  1- 3 |  4- 6 |  7- 9 | 10-12 | 13-15 | 16-18 || total
-------------------------+-------+-------+-------+-------+-------+-------++-------
Melee: Long sword        |    71 |   204 |    29 |       |       |       ||   304
       Headbutt          |       |    44 |    65 |   142 |   280 |   311 ||   842
       Falchion          |       |       |   281 |   566 |   730 |   420 ||  1997
       Dagger            |       |       |       |    17 |   301 |   210 ||   528
       Rapier            |       |       |       |       |       |   366 ||   366
       Double sword      |       |       |       |       |       |   136 ||   136
Invok: Animate Remains   |       |       |     1 |       |       |       ||     1
       Animate Dead      |       |       |       |    12 |    35 |     5 ||    52
       Drain Life        |       |       |       |     1 |     5 |       ||     6
       Recall Undead Sla |       |       |       |     1 |     4 |    10 ||    15
       Injury Mirror     |       |       |       |       |     4 |       ||     4
 Abil: Evoke Flight      |       |       |       |     1 |       |       ||     1
  Use: Potion            |     1 |       |       |     4 |     3 |     4 ||    12
       Scroll            |       |     2 |       |     2 |    25 |    23 ||    52
 Stab: Sleeping          |     2 |     6 |    11 |    35 |    46 |    91 ||   191
       Distracted        |       |       |     2 |     6 |    26 |    13 ||    47
       Held in net/web   |       |       |       |       |     1 |       ||     1
       Invisible         |       |       |       |       |     2 |    19 ||    21
       Petrifying        |       |       |       |       |       |     1 ||     1
       Petrified         |       |       |       |       |       |     1 ||     1
  Eat: Chunk             |     1 |     7 |    11 |    18 |    29 |    29 ||    95
       Ration            |       |       |       |     2 |     5 |     3 ||    10
Armor: Leather armour    |    32 |       |       |       |       |       ||    32
       Ring mail         |     1 |    93 |    91 |   162 |   107 |       ||   454
       Fire dragon scale |       |       |       |       |   306 |   293 ||   599
Dodge: Dodged            |    70 |   173 |   207 |   274 |   630 |   494 ||  1848
Block: Buckler           |       |       |       |   116 |   361 |   258 ||   735
       Rpst.: Long sword |    32 |    49 |    10 |       |       |       ||    91
       Falchion          |       |       |    59 |    73 |   100 |    49 ||   281
       Double sword      |       |       |       |       |       |    11 ||    11
